 Dungeon Crawl Stone Soup version 0.25.1-11-g244df3a29b (webtiles) character file.

Game seed: 15676642421045158274

674981 DeepDeath the Conqueror (level 27, 0/249 HPs)
             Began as a Human Fighter on Mar 25, 2024.
             Was the Champion of Okawaru.
             Splashed by a yellow draconian's acid (6 damage)
             ... on level 1 of the Realm of Zot on Apr 6, 2024.
             The game lasted 06:36:35 (81537 turns).

DeepDeath the Conqueror (Human Fighter)            Turns: 81537, Time: 06:36:36

Health: 0/249      AC: 19    Str: 28    XL:     27
Magic:  39/39      EV: 16    Int: 13    God:    Okawaru [******]
Gold:   2952       SH: 20    Dex: 11    Spells: 39/44 levels left

rFire    + + +     SeeInvis +   w - +6 double sword (elec)
rCold    + + +     Gourm    .   F - +5 kite shield {reflect}
rNeg     + + .     Faith    .   K - +2 chain mail {rF+}
rPois    +         Spirit   .   k - +2 helmet {SInv}
rElec    .         Reflect  +   g - scarf {rC+ rF+}
rCorr    +         Harm     .   x - +2 pair of gloves {archery}
MR       ++++.     Clarity  +   p - +0 pair of boots of Furhuset {rC++ rCorr Int-5 SInv}
Stlth    ..........             W - amulet "Yffuli" {MR++ Regen+ Str+3 Dex-3}
HPRegen  0.91/turn              V - ring "Geguiliy" {rF+ rN+ Slay+4}
MPRegen  0.26/turn              u - ring of Fuciss {rPois rN+ Str+4 Int+2 Dex-2}

@: corroded, very slightly contaminated, invisible
A: blink, clarity, clever 1, high mp 1, shaggy fur 1
}: 3/15 runes: barnacled, silver, gossamer
a: Blink, Heroism, Finesse, Renounce Religion


You were on level 1 of the Realm of Zot.
You worshipped Okawaru.
Okawaru was exalted by your worship.
You were not hungry.

You visited 11 branches of the dungeon, and saw 49 of its levels.
You visited 1 bazaar.
You also visited: Sewer, Bailey and Wizlab.

You collected 8692 gold pieces.
You spent 5740 gold pieces at shops.

Inventory:

Hand Weapons
 d - a +8 long sword of holy wrath
 e - a +7 vorpal scimitar
 s - a +4 scimitar of flaming
 w - a +6 double sword of electrocution (weapon)
Missiles
 J - 71 javelins (quivered)
 N - 10 throwing nets
 S - 81 silver javelins
 Z - 26 curare-tipped darts
Armour
 g - a scarf of resistance (worn)
 k - a +2 helmet of see invisible (worn)
 p - the +0 pair of boots of Furhuset (worn) {rC++ rCorr Int-5 SInv}
   (You bought it in a shop on level 2 of the Orcish Mines)

   It affects your intelligence (-5).
   It greatly protects you from cold.
   It lets you see invisible.
   It provides partial protection from all sources of acid and corrosion.
 x - a +2 pair of gloves of archery (worn)
 F - a +5 kite shield of reflection (worn)
 K - a +2 chain mail of fire resistance (worn)
Jewellery
 u - the ring of Fuciss (right hand) {rPois rN+ Str+4 Int+2 Dex-2}
   (You found it on level 3 of the Crypt)

   [ring of positive energy]

   It affects your strength (+4).
   It affects your intelligence (+2).
   It affects your dexterity (-2).
   It protects you from poison.
   It protects you from negative energy.
 V - the ring "Geguiliy" (left hand) {rF+ rN+ Slay+4}
   (You found it in a wizard's laboratory)

   [ring of slaying]

   It affects your accuracy and damage with ranged weapons and melee attacks
   (+4).
   It protects you from fire.
   It protects you from negative energy.
 W - the amulet "Yffuli" (around neck) {MR++ Regen+ Str+3 Dex-3}
   (You found it on level 6 of the Lair of Beasts)

   [amulet of regeneration]

   It affects your strength (+3).
   It affects your dexterity (-3).
   It affects your resistance to hostile enchantments.
   It increases your rate of regeneration.
Wands
 h - a wand of paralysis (41)
 m - a wand of digging (11)
 I - a wand of iceblast (49)
 M - a wand of acid (47)
 O - a wand of clouds (13)
 R - a wand of disintegration (25)
 T - a wand of enslavement (53)
Scrolls
 j - 4 scrolls of blinking
 l - 24 scrolls of remove curse
 q - 7 scrolls of identify
 r - 2 scrolls of fog
 t - 10 scrolls of teleportation
 v - 4 scrolls of magic mapping
 y - a scroll of enchant armour
 D - 7 scrolls of fear
 X - 2 scrolls of holy word
 Y - a scroll of silence
Potions
 a - 2 potions of ambrosia
 c - 9 potions of curing
 i - 7 potions of flight
 o - 4 potions of haste
 C - 5 potions of berserk rage
 E - 5 potions of might
 G - a potion of cancellation
 L - 6 potions of resistance
 P - a potion of invisibility
 Q - 8 potions of mutation
 U - 5 potions of stabbing
Miscellaneous
 n - 5 phantom mirrors
 z - a phial of floods
 B - 2 boxes of beasts
 H - a lightning rod (4/4)
Comestibles
 f - 50 rations


   Skills:
 O Level 27 Fighting
   Level 6.7(12.2) Short Blades
 - Level 15.5(16.0) Long Blades
 - Level 16.0 Throwing
 + Level 19.8 Armour
 + Level 15.2 Dodging
 - Level 16.0 Shields
 - Level 9.0 Spellcasting
 - Level 5.0 Hexes
 - Level 10.0 Charms
 - Level 2.0 Air Magic
 - Level 14.0 Invocations
 - Level 6.0 Evocations


You had 39 spell levels left.
You knew the following spells:

 Your Spells              Type           Power        Failure   Level  Hunger
n - Swiftness             Chrm/Air       ###.....     4%          2    None
w - Spectral Weapon       Hex/Chrm       ####....     4%          3    ##.....

Your spell library contained the following spells:

 Spells                   Type           Power        Failure   Level  Hunger
 Corona                   Hex            ###....      4%          1    None
 Slow                     Hex            ###.....     7%          2    None
 Confusing Touch          Hex            ###.....     13%         3    ##.....
 Ozocubu's Armour         Chrm/Ice       ###.....     13%         3    ##.....
 Tukima's Dance           Hex            ###.....     13%         3    ##.....
 Ensorcelled Hibernation  Hex/Ice        ##....       19%         2    None
 Beastly Appendage        Tmut           #.....       34%         1    None
 Foxfire                  Conj/Fire      #...         34%         1    None
 Freeze                   Ice            #...         34%         1    None
 Magic Dart               Conj           #...         34%         1    None
 Sandblast                Erth           #.....       34%         1    None
 Summon Small Mammal      Summ           #...         34%         1    None
 Corpse Rot               Necr/Air       N/A          34%         2    None
 Dazzling Flash           Conj/Hex       ##....       36%         3    ##.....
 Inner Flame              Hex/Fire       ##......     36%         3    ##.....
 Summon Guardian Golem    Hex/Summ       ##......     36%         3    ##.....
 Blink                    Tloc           N/A          45%         2    None
 Call Imp                 Summ           #.......     45%         2    None
 Passwall                 Tmut/Erth      #.......     45%         2    None
 Searing Ray              Conj           #.....       45%         2    None
 Sticks to Snakes         Tmut           #.......     45%         2    None
 Sublimation of Blood     Necr           #.........   45%         2    None
 Static Discharge         Conj/Air       #.......     56%         3    ##.....
 Mephitic Cloud           Conj/Pois/Air  #.......     63%         3    ##.....
 Call Canine Familiar     Summ           #.......     71%         3    ##.....
 Conjure Flame            Conj/Fire      #.......     71%         3    ##.....
 Frozen Ramparts          Ice            #.....       71%         3    ##.....
 Ignite Poison            Fire/Tmut/Pois #.......     71%         3    ##.....
 Recall                   Summ/Tloc      N/A          71%         3    ##.....
 Spider Form              Tmut/Pois      #.........   71%         3    ##.....
 Stone Arrow              Conj/Erth      #.....       71%         3    ##.....
 Vampiric Draining        Necr           #.........   71%         3    ##.....
 Fulminant Prism          Conj/Hex       ##........   77%         4    ####...
 Leda's Liquefaction      Hex/Erth       ##........   77%         4    ####...
 Excruciating Wounds      Chrm/Necr      ###.......   77%         5    #####..
 Summon Lightning Spire   Summ/Air       #.......     92%         4    ####...
 Silence                  Hex/Air        ##........   92%         5    #####..
 Animate Dead             Necr           N/A          98%         4    ####...
 Hailstorm                Conj/Ice       #.......     98%         4    ####...
 Ice Form                 Ice/Tmut       #.......     98%         4    ####...
 Iskenderun's Mystic Bla  Conj/Tloc      #.......     98%         4    ####...
 Passage of Golubria      Tloc           N/A          98%         4    ####...
 Petrify                  Tmut/Erth      #.......     98%         4    ####...
 Sticky Flame             Conj/Fire      #.......     98%         4    ####...
 Summon Ice Beast         Ice/Summ       #.......     98%         4    ####...
 Summon Mana Viper        Hex/Summ       ##......     98%         5    #####..
 Agony                    Necr           #.......     100%        5    #####..
 Alistair's Intoxication  Tmut/Pois      #.......     100%        5    #####..
 Aura of Abjuration       Summ           #.........   100%        5    #####..
 Blade Hands              Tmut           #.........   100%        5    #####..
 Bolt of Magma            Conj/Fire/Erth #.........   100%        5    #####..
 Fireball                 Conj/Fire      #.........   100%        5    #####..
 Irradiate                Conj/Tmut      #.........   100%        5    #####..
 Lee's Rapid Deconstruct  Erth           #.........   100%        5    #####..
 Summon Forest            Summ/Tloc      #.........   100%        5    #####..
 Conjure Ball Lightning   Conj/Air       #.........   100%        6    #######
 Darkness                 Hex            ###.......   100%        6    #######
 Eringya's Noxious Bog    Tmut/Pois      #.........   100%        6    #######
 Freezing Cloud           Conj/Ice/Air   #.........   100%        6    #######
 Hydra Form               Tmut           #.........   100%        6    #######
 Invisibility             Hex            ###.....     100%        6    #######
 Iron Shot                Conj/Erth      #.........   100%        6    #######
 Shadow Creatures         Summ           N/A          100%        6    #######
 Simulacrum               Ice/Necr       #.........   100%        6    #######
 Statue Form              Tmut/Erth      #........    100%        6    #######
 Dragon Form              Tmut           #.........   100%        7    #######
 Haunt                    Necr/Summ      #.........   100%        7    #######
 Malign Gateway           Summ/Tloc      #.........   100%        7    #######
 Summon Hydra             Summ           #.........   100%        7    #######
 Borgnjor's Revivificati  Necr           #.........   100%        8    #######
 Death's Door             Chrm/Necr      ###.......   100%        8    #######
 Infestation              Necr           #.........   100%        8    #######
 Necromutation            Tmut/Necr      #.........   100%        8    #######
 Dragon's Call            Summ           #.........   100%        9    #######
 Shatter                  Erth           #.........   100%        9    #######
 Tornado                  Air            ##........   100%        9    #######


Dungeon Overview and Level Annotations

Branches:
Dungeon (15/15)            Temple (1/1) D:7            Lair (6/6) D:8
 Shoals (4/4) Lair:3       Spider (4/4) Lair:4        Slime (0/5) Lair:6
    Orc (2/2) D:10            Elf (3/3) Orc:2        Vaults (5/5) D:14
  Crypt (3/3) Vaults:3       Tomb (0/3) Crypt:3      Depths (5/5) D:15
    Zot (1/5) Depths:5      Sewer (visited)          Bailey (visited)
 WizLab (visited)

Altars:
Ashenzari
Cheibriados
Dithmenos
Elyvilon
Fedhas
Gozag
Hepliaklqana
Kikubaaqudgha
Makhleb
Nemelex Xobeh
Okawaru
Qazlal
Ru
Sif Muna
Trog
Uskayaw
Vehumet
Wu Jian
Xom
Yredelemnul
Zin
The Shining One
Beogh

Shops:
D:5 !   D:9 :   D:14 ?   Orc:1 %=[([   Orc:2 [*[(   Shoals:2 (   Shoals:4 %
Vaults:2 ?   Depths:2 }

Portals:
Hell: Depths:1 Depths:2 Depths:3 Depths:4 Depths:5
Abyss: Depths:4
Pandemonium: Depths:3 Depths:5
Ziggurat: Depths:4
Trove: D:10 (give +3 shadow dragon scales)

Annotations:
Zot:1 exclusion: oklob plant


Innate Abilities, Weirdness & Mutations

You can translocate small distances at will.
You possess an exceptional clarity of mind.
Your mind is acute. (Int +2)
You have an increased reservoir of magic. (+10% MP)
You are covered in fur. (AC +1)


Message History

You block the jelly's attack. You block the acid blob's attack.
Unknown command.
Unknown command.
Unknown command.
Throwing (i - inventory. (/) - cycle)
J - 71 javelins (quivered)
Press: ? - help, Shift-Dir - straight line, f - acid blob
Aim: an acid blob
Okay, then.
Unknown command.
You don't have enough health at the moment.
Unknown command.
Okay, then.
Unknown command.
A yellow draconian comes into view. It is wielding a +0 war axe.
The yellow draconian roars!
The yellow draconian throws acid at you.
The glob of acid hits you. You resist.
* * * LOW HITPOINT WARNING * * *
You are splashed with acid.
You resist.
You die...

.......).#.J.(#####,,,,*,,,,***
.§§...).##..J##...##,,,**,,,,**
§§§)†...#...##.....##,,.*,,,,,**
J.§J...##...#.......##.d**,,,,,**
§.§....#...##...........,*,,,,,,*
§....).'...#....>P.J....,*,,,,,,,
.......)(..#...J.>......,*,,,,,,,
...q...#.(.##...J.......,*,,,,,,,
.......##..q#...@...##.,**,,,,,,*
........#...##.....##,,,*,,,,,,**
.......J##...##...##,,,**,,,,,**
(........#..(.#####,,,,*,,,,,**
.....##.X##.....,,,,,,*#.,,,**
...##*##Dy##....,,,,,*#....,**
.##* ##..###,,,,,###..⌠....#**
.## ##...#######..........,**
..## ##...................,,*


You could see an acid blob, a yellow draconian (catching breath), an oklob plant
and 2 jellies.

Vanquished Creatures
  2 ancient liches (Vaults:5)
  Mara (Vaults:4)
  Boris (Crypt:3)
  Sojobo (Depths:5)
  Frederick (Vaults:4)
  5 golden dragons
  The ghost of Esecs the Devastator, a veteran GrEE of Lugonu (Crypt:1)
  Nikola (Shoals:1)
  A profane servitor (Crypt:3)
  A Hellbinder (WizLab)
  A bone dragon (Crypt:3)
  8 tentacled monstrosities
  Rupert (D:15)
  2 quicksilver dragons (Vaults:5)
  4 liches
  A kraken (Shoals:4)
  6 acid blobs (Zot:1)
  6 titans
  3 deep elf master archers (Elf:3)
  5 deep elf blademasters
  4 sphinxes
  2 death cobs
  5 ancient champions
  Frances (Elf:1)
  Donald (Vaults:1)
  9 tengu reavers
  3 shadow dragons
  7 storm dragons
  3 draconian monks
  3 revenants
  10 fire giants
  4 draconian knights (Zot:1)
  3 deep elf sorcerers
  2 caustic shrike zombies
  A blood saint (WizLab)
  3 draconian scorchers
  4 ghost moths
  2 balrugs (WizLab)
  16 vault wardens
  14 frost giants
  3 ghouls
  A cacodemon (WizLab)
  2 curse skulls
  An orc warlord (Orc:2)
  4 emperor scorpions
  7 deep elf elementalists
  2 draconian annihilators
  A draconian stormcaller (Zot:1)
  An iron dragon (Depths:4)
  3 draconian shifters
  A spriggan defender (Depths:1)
  7 ironheart preservers
  43 very ugly things
  A war gargoyle (Vaults:5)
  25 stone giants
  4 entropy weavers
  Nessos (D:15)
  3 green draconians
  A lorocyproca (WizLab)
  4 deep elf demonologists
  7 vampire knights
  6 black draconians
  3 white draconians
  13 yellow draconians
  7 spark wasps
  5 dire elephants (Lair:6)
  A red draconian (Depths:5)
  11 deep elf death magi
  A green death (WizLab)
  3 eidola (Crypt:2)
  4 deep elf annihilators
  8 purple draconians
  11 ettins
  A blizzard demon (WizLab)
  14 jiangshi
  26 yaktaur captains
  15 fire dragons
  12 merfolk impalers
  A great orb of eyes (shapeshifter) (Depths:4)
  7 merfolk javelineers
  6 deep elf high priests
  12 great orbs of eyes
  13 ogre magi
  2 hell beasts
  13 ice dragons
  34 vault guards
  A quicksilver dragon skeleton (Crypt:2)
  6 rakshasas
  10 hydras
  7 merfolk avatars
  2 monstrous demonspawn (Depths:3)
  An anaconda (Lair:6)
  6 death knights
  13 centaur warriors
  3 spriggan air magi (Depths:4)
  3 merfolk aquamancers (Shoals:4)
  An anaconda (shapeshifter) (Depths:1)
  40 two-headed ogres
  4 alligator snapping turtles
  10 tengu warriors
  27 dancing weapons
  10 deep troll shamans
  10 deep troll earth magi
  4 satyrs
  6 vampire magi
  An orc high priest (Elf:3)
  Urug (D:10)
  A titan skeleton (Crypt:2)
  11 spriggan berserkers
  24 deep elf knights
  2 storm dragon zombies
  2 sun demons (WizLab)
  6 small abominations
  3 soul eaters
  A salamander mystic (Depths:4)
  Nergalle (D:11)
  Sonja (D:10)
  A sixfirhy (WizLab)
  A golden dragon zombie (Crypt:1)
  29 hell knights
  35 skeletal warriors
  A storm dragon skeleton (Depths:4)
  4 iron trolls
  A death drake (shapeshifter) (Depths:2)
  6 shadow wraiths
  An anaconda zombie (Crypt:1)
  11 sea snakes
  30 deep trolls
  3 unseen horrors
  11 flayed ghosts
  4 orange crystal statues (Orc:1)
  5 glowing orange brains
  A sea snake (shapeshifter) (Depths:3)
  A shadow demon (WizLab)
  2 wizards
  14 deep elf archers
  A swamp dragon (shapeshifter) (Depths:3)
  A shadow dragon zombie (Vaults:5)
  12 phantasmal warriors
  21 ironbrand convokers
  A lindwurm (Lair:2)
  A tengu zombie (Vaults:3)
  68 deep elf magi
  20 necromancers
  An orb spider (shapeshifter) (Depths:3)
  9 orc knights
  23 harpies
  Pikel (D:8)
  15 manticores
  42 ugly things
  41 wolf spiders
  19 orb spiders
  2 tengu skeletons (Vaults:3)
  6 oklob plants
  3 orc sorcerers
  A salamander (shapeshifter) (Elf:1)
  16 fauns
  A moth of wrath (shapeshifter) (Depths:2)
  A shadow dragon skeleton (Depths:4)
  4 salamanders (Depths:4)
  5 human zombies
  9 cyclopes
  A cyclops (shapeshifter) (Vaults:1)
  8 elephants (Lair:6)
  10 merfolk sirens
  5 rust devils
  10 moths of wrath
  A black mamba (shapeshifter) (Vaults:4)
  2 ice statues (Elf:2)
  2 smoke demons (WizLab)
  2 human skeletons
  2 titan simulacra
  4 black mambas
  The ghost of Nolbo the Envoy of Void, a novice FoAK of Lugonu (D:4)
  12 vault sentinels
  8 water nymphs
  A shock serpent zombie (Crypt:2)
  A guardian serpent (shapeshifter) (Depths:4)
  Maurice (D:11)
  11 spiny frogs
  2 orange demons (WizLab)
  3 gargoyles
  The ghost of bisexualwizard the Insei, a novice OpMo of Dithmenos (D:4)
  A storm dragon simulacrum (Depths:4)
  2 torpor snails
  An elf skeleton (Vaults:5)
  An efreet (D:15)
  4 rime drakes
  3 hellions
  68 yaktaurs
  3 freezing wraiths
  9 komodo dragons
  2 yaktaurs (shapeshifter)
  4 ice devils
  A red draconian skeleton (Crypt:2)
  A tormentor (WizLab)
  3 hellwings (WizLab)
  16 demonic crawlers
  A death drake zombie (Crypt:2)
  6 tengu conjurers
  A queen bee (shapeshifter) (D:13)
  7 trolls
  A polar bear (shapeshifter) (Vaults:4)
  45 jumping spiders
  2 meliai (shapeshifter)
  2 red devils
  4 tyrant leeches (Spider:2)
  A wind drake (shapeshifter) (Vaults:2)
  6 wind drakes
  30 merfolk
  2 bog bodies (Crypt:2)
  A harpy skeleton (D:15)
  13 hornets
  A blink frog (shapeshifter) (Depths:1)
  8 dream sheep (Shoals:4)
  Prince Ribbit (D:6)
  5 polar bears
  A dream sheep (shapeshifter) (Depths:3)
  13 hippogriffs
  36 slime creatures
  A guardian serpent zombie (Crypt:2)
  8 snapping turtles
  An ice dragon zombie (Crypt:1)
  A frost giant simulacrum (Crypt:3)
  49 flying skulls
  A spectral swamp dragon (Crypt:3)
  102 redbacks
  4 air elementals
  A stone giant simulacrum (Vaults:5)
  2 tarantellas (shapeshifter)
  A wyvern (shapeshifter) (Vaults:5)
  2 redbacks (shapeshifter)
  2 spriggans
  4 wraiths
  3 wyverns
  24 yaks
  4 shadows
  A ynoxinul (WizLab)
  6 fire elementals
  A spriggan (shapeshifter) (Depths:2)
  33 tarantellas
  12 water elementals
  Grum (D:10)
  A spriggan simulacrum (Depths:3)
  A human (D:9)
  2 steam dragons
  2 basilisks
  11 vampire mosquitoes
  4 human simulacra
  2 chaos spawn
  5 large abominations
  2 acid dragons
  5 wargs
  3 floating eyes
  A water moccasin (shapeshifter) (D:15)
  6 sky beasts
  12 water moccasins
  A hornet zombie (D:13)
  40 orc warriors
  10 porcupines
  An ice beast (D:7)
  A slave (D:8)
  4 black bears
  2 eyes of draining
  2 black bears (shapeshifter)
  An eye of draining (shapeshifter) (D:14)
  5 necrophages
  35 ogres
  A boggart (shapeshifter) (Vaults:1)
  An elephant skeleton (Crypt:1)
  A phantom (D:11)
  A wolf (shapeshifter) (Vaults:2)
  17 boggarts
  4 wolves (D:10)
  22 crocodiles
  A swamp dragon skeleton (Crypt:1)
  27 centaurs
  3 big kobolds
  10 gnoll sergeants
  7 earth elementals
  4 elf zombies
  15 bullfrogs
  A water moccasin zombie (D:9)
  5 scorpions
  A troll zombie (Crypt:2)
  A polar bear zombie (Crypt:1)
  12 wights
  5 howler monkeys
  4 electric eels
  2 bullfrog zombies
  A wolf zombie (Crypt:1)
  11 crimson imps
  12 jellies
  2 quasits
  5 hounds
  9 centaur zombies
  45 orc wizards
  24 orc priests
  5 centaur skeletons
  6 gnoll shamans (Bailey)
  An iron imp (Depths:3)
  A bullfrog skeleton (D:5)
  A black bear zombie (Crypt:1)
  2 iguanas
  Ijyb (D:5)
  11 worker ants
  An acid dragon zombie (Crypt:2)
  A naga skeleton (Crypt:2)
  A howler monkey zombie (D:11)
  25 gnolls
  12 adders
  4 shadow imps
  3 oozes
  3 adder skeletons
  An adder zombie (D:6)
  4 worms
  2 dart slugs (D:3)
  5 leopard geckos
  134 orcs
  11 bats
  6 giant cockroaches
  8 goblins
  12 hobgoblins
  16 jackals
  29 kobolds
  10 quokkas
  8 ball pythons
  2 frilled lizards
  A hobgoblin zombie (Crypt:1)
  A kobold zombie (Crypt:1)
  8 rats
  4 crawling corpses
  A fungus (Lair:2)
  16 plants
  7 tentacles (Shoals:4)
2638 creatures vanquished.

Vanquished Creatures (collateral kills)
  A vault guard (Vaults:5)
1 creature vanquished.

Vanquished Creatures (others)
  A curse skull (Crypt:1)
  A draconian scorcher (Zot:1)
  A deep elf archer (Elf:2)
  A hornet (Depths:2)
  A jumping spider (Spider:4)
  A snapping turtle (Shoals:1)
  A floating eye (Elf:2)
  A boggart (Vaults:1)
  A jelly (Zot:1)
  An orc wizard (D:3)
  A leopard gecko (D:8)
  24 fungi
  44 plants
  3 spectral weapons
  13 tentacles (Shoals:4)
  4 withered plants (D:4)
99 creatures vanquished.

Grand Total: 2738 creatures vanquished

Notes
Turn   | Place    | Note
-------+----------+-------------------------------------------
     0 | D:1      | DeepDeath the Human Fighter began the quest for the Orb.
     0 | D:1      | Reached XP level 1. HP: 18/18 MP: 1/1
   214 | D:1      | Reached XP level 2. HP: 20/24 MP: 2/2
   798 | D:2      | Found a shattered altar of Ashenzari.
   881 | D:2      | Reached XP level 3. HP: 23/29 MP: 3/3
  1121 | D:2      | Reached XP level 4. HP: 35/35 MP: 4/4
  1181 | D:2      | Found a shimmering altar of Xom.
  1181 | D:2      | Found a radiant altar of Vehumet.
  2336 | D:3      | Reached XP level 5. HP: 30/41 MP: 5/5
  2343 | D:3      | Reached skill level 5 in Long Blades
  2774 | D:3      | Reached XP level 6. HP: 43/47 MP: 6/6
  3122 | D:3      | Found a shadowy altar of Dithmenos.
  3791 | D:4      | Found a glowing drain.
  3866 | Sewer    | Entered a sewer
  3943 | Sewer    | Reached skill level 1 in Throwing
  4195 | Sewer    | Reached skill level 1 in Dodging
  4843 | D:4      | Reached XP level 7. HP: 52/52 MP: 7/7
  4852 | D:4      | Found a runed translucent gate.
  4852 | D:4      | Found a runed translucent gate.
  4852 | D:4      | Found a runed translucent gate.
  4853 | D:4      | Noticed Nolbo's ghost (novice FoAK)
  4853 | D:4      | Noticed bisexualwizard's ghost (novice OpMo)
  5011 | D:4      | Found a shadowy altar of Dithmenos.
  5506 | D:5      | Entered Level 5 of the Dungeon
  5878 | D:5      | Reached XP level 8. HP: 60/60 MP: 8/8
  6036 | D:5      | Found an ancient bone altar of Kikubaaqudgha.
  6110 | D:5      | Found Tukoeps's Distillery.
  6110 | D:5      | Noticed Ijyb
  6213 | D:5      | Paralysed by Ijyb for 5 turns
  6240 | D:5      | Killed Ijyb
  6319 | D:5      | Bought a potion of heal wounds for 50 gold pieces
  6319 | D:5      | Bought 2 potions of berserk rage for 100 gold pieces
  6319 | D:5      | Bought a potion of might for 40 gold pieces
  6610 | D:6      | Reached skill level 4 in Fighting
  7043 | D:6      | Reached XP level 9. HP: 55/66 MP: 9/9
  7245 | D:6      | Noticed Prince Ribbit
  7253 | D:6      | Killed Prince Ribbit
  7253 | D:6      | Reached skill level 5 in Fighting
  7253 | D:6      | Reached skill level 5 in Armour
  7253 | D:6      | Reached skill level 5 in Shields
  7644 | D:6      | Found a bloodstained altar of Trog.
  7740 | D:6      | Noticed a two-headed ogre
  7752 | D:6      | Killed a two-headed ogre
  7872 | D:7      | Found a staircase to the Ecumenical Temple.
  7920 | Temple   | Entered the Ecumenical Temple
  8131 | Temple   | Became a worshipper of Warmaster Okawaru
  8226 | D:7      | Reached XP level 10. HP: 36/76 MP: 10/10
  8401 | D:7      | Killed an unseen horror
  8401 | D:7      | Reached * piety under Okawaru
  8401 | D:7      | Reached skill level 6 in Fighting
  8401 | D:7      | Reached skill level 1 in Invocations
  9352 | D:7      | Found a sparkling altar of Nemelex Xobeh.
  9387 | D:7      | Found a burning altar of Makhleb.
  9390 | D:7      | Reached skill level 10 in Long Blades
  9726 | D:8      | Reached ** piety under Okawaru
  9954 | D:8      | Got a transparent steel amulet
  9958 | D:8      | Found a blossoming altar of Fedhas.
 10155 | D:8      | Found a staircase to the Lair.
 10351 | D:8      | Noticed Pikel
 10385 | D:8      | Killed Pikel
 10385 | D:8      | Reached XP level 11. HP: 71/83 MP: 11/13
 10584 | D:8      | Identified the amulet "Tohauth" {+Inv rF+ Regen+} (You
                  | found it on level 8 of the Dungeon)
 10715 | D:9      | Noticed a two-headed ogre
 10739 | D:9      | Killed a two-headed ogre
 10739 | D:9      | Reached *** piety under Okawaru
 10739 | D:9      | Received a gift from Okawaru
 10739 | D:9      | Reached skill level 7 in Fighting
 10863 | D:9      | Found Zison Ywougi's Book Shop.
 10996 | D:9      | Found a white marble altar of Elyvilon.
 11090 | D:10     | Entered Level 10 of the Dungeon
 11471 | D:10     | Noticed a vault guard
 11489 | D:10     | Killed a vault guard
 11489 | D:10     | Received a gift from Okawaru
 11502 | D:10     | Found a portal to a secret trove of treasure.
 11638 | D:10     | Noticed Sonja
 11642 | D:10     | Killed Sonja
 11752 | D:10     | Noticed Urug
 12043 | D:10     | Noticed Grum
 12062 | D:10     | Reached **** piety under Okawaru
 12072 | D:10     | Killed Grum
 12565 | D:10     | Found a staircase to the Orcish Mines.
 12574 | D:10     | Reached skill level 8 in Fighting
 12841 | D:5      | Bought a potion of lignification for 30 gold pieces
 12927 | Lair:1   | Entered Level 1 of the Lair of Beasts
 12990 | Lair:1   | Noticed a four-headed hydra
 13015 | Lair:1   | Killed a four-headed hydra
 13015 | Lair:1   | Reached skill level 1 in Short Blades
 13015 | Lair:1   | Reached XP level 12. HP: 92/92 MP: 12/14
 13996 | Lair:1   | Received a gift from Okawaru
 14293 | Lair:2   | Reached ***** piety under Okawaru
 15042 | Lair:3   | Noticed a five-headed hydra
 15069 | Lair:3   | Killed a five-headed hydra
 15069 | Lair:3   | Received a gift from Okawaru
 15083 | Lair:3   | Identified the +7 scale mail of Illykoh {Harm *Corrode MR+
                  | Dex+5} (Okawaru gifted it to you on level 3 of the Lair of
                  | Beasts)
 15100 | Lair:3   | Found a staircase to the Shoals.
 15124 | Lair:3   | Reached skill level 1 in Evocations
 15384 | Lair:3   | Noticed a four-headed hydra
 15407 | Lair:3   | Killed a four-headed hydra
 15407 | Lair:3   | Reached XP level 13. HP: 80/100 MP: 14/16
 15778 | Lair:4   | Found a hole to the Spider Nest.
 15788 | Lair:4   | Reached skill level 5 in Invocations
 15860 | Lair:4   | Reached skill level 9 in Fighting
 16769 | Lair:4   | Identified a scroll of acquirement
 16769 | Lair:4   | Acquired the amulet of the Empire {rC++ Regen+ Int-3 Dex+5}
 17295 | Lair:5   | Noticed an eight-headed hydra
 17953 | Lair:5   | Killed an eight-headed hydra
 18161 | Orc:1    | Entered Level 1 of the Orcish Mines
 18297 | Orc:2    | Entered Level 2 of the Orcish Mines
 18655 | Orc:2    | Found a staircase to the Elven Halls.
 18825 | Orc:2    | Reached XP level 14. HP: 108/108 MP: 19/19
 18985 | Orc:2    | Found a roughly hewn altar of Beogh.
 19404 | Orc:2    | Found a roughly hewn altar of Beogh.
 19430 | Orc:2    | Received a gift from Okawaru
 19443 | Orc:2    | Found Hytrilue's Antique Armour Shop.
 19569 | Orc:2    | Found a roughly hewn altar of Beogh.
 19600 | Orc:2    | Found Ypaor's Assorted Antiques.
 19659 | Orc:1    | Found Avosocam's Food Boutique.
 20000 | Orc:1    | Found a runed translucent door.
 20051 | Orc:1    | Found the +10 tower shield of Ignorance {rN+ Int-4}
 20068 | Orc:1    | Found Duvuk's Antique Armour Emporium.
 20068 | Orc:1    | Found Hihyex's Armour Shop.
 20077 | Orc:1    | Found a runed translucent door.
 20195 | Orc:1    | Found Gebine Tali's Jewellery Boutique.
 20203 | Orc:1    | Bought a cursed -4 ring of intelligence for 32 gold pieces
 20255 | Orc:1    | Found Misiafir's Antique Weapon Shoppe.
 20500 | Orc:2    | Noticed an orc warlord
 20582 | Orc:2    | Killed an orc warlord
 20582 | Orc:2    | Reached skill level 10 in Fighting
 20582 | Orc:2    | Reached skill level 10 in Shields
 20653 | Orc:2    | Reached skill level 10 in Armour
 20783 | Orc:2    | Found Cehuu's Antique Weapon Shop.
 20787 | Orc:2    | Found a roughly hewn altar of Beogh.
 20790 | Orc:2    | Found Cuaramm's Antique Armour Boutique.
 21082 | D:9      | Bought a manual of Fighting for 1324 gold pieces
 21180 | Orc:1    | Bought a shiny chain mail for 172 gold pieces
 21420 | Lair:6   | Entered Level 6 of the Lair of Beasts
 21856 | Lair:6   | Reached skill level 11 in Fighting
 22030 | Lair:6   | Received a gift from Okawaru
 22070 | Lair:6   | Found a staircase to the Slime Pits.
 22839 | Lair:6   | Got a smoking brass amulet
 22840 | Lair:6   | Identified the amulet "Yffuli" {MR++ Regen+ Str+3 Dex-3}
                  | (You found it on level 6 of the Lair of Beasts)
 22879 | Lair:6   | Noticed a dire elephant
 22974 | Lair:6   | Killed a dire elephant
 23029 | Lair:6   | Noticed a dire elephant
 23045 | Lair:6   | Killed a dire elephant
 23093 | Lair:6   | Noticed a dire elephant
 23093 | Lair:6   | Noticed a dire elephant
 23120 | Lair:6   | Killed a dire elephant
 23136 | Lair:6   | Killed a dire elephant
 23136 | Lair:6   | Received a gift from Okawaru
 23136 | Lair:6   | Reached skill level 12 in Fighting
 23320 | Lair:6   | Noticed a dire elephant
 23343 | Lair:6   | Killed a dire elephant
 23673 | Orc:2    | Bought a pair of spiked boots for 304 gold pieces
 23674 | Orc:2    | Identified the cursed +0 pair of boots of Furhuset {rC++
                  | rCorr Int-5 SInv} (You bought it in a shop on level 2 of
                  | the Orcish Mines)
 24012 | D:4      | Killed Nolbo's ghost
 24016 | D:4      | Killed bisexualwizard's ghost
 24214 | Lair:2   | Reached XP level 15. HP: 115/122 MP: 15/21
 24810 | D:10     | Killed Urug
 24983 | D:11     | Reached skill level 13 in Fighting
 25279 | D:11     | Noticed Nergalle
 25292 | D:11     | Killed Nergalle
 25473 | D:11     | Noticed Maurice
 25482 | D:11     | Killed Maurice
 25949 | D:12     | Reached ****** piety under Okawaru
 26052 | D:12     | Received a gift from Okawaru
 26454 | D:12     | Reached skill level 10 in Invocations
 26673 | Orc:1    | Bought a glowing rapier for 175 gold pieces
 27026 | D:13     | Reached skill level 14 in Fighting
 27153 | D:13     | Found a flagged portal.
 27186 | Bailey   | Entered a bailey
 28746 | Lair:2   | Gained mutation: You are frail. (-10% HP) [potion of
                  | mutation]
 28746 | Lair:2   | Gained mutation: You are covered in fur. (AC +1) [potion of
                  | mutation]
 28746 | Lair:2   | Gained mutation: You have an increased reservoir of magic.
                  | (+10% MP) [potion of mutation]
 28747 | Lair:2   | Lost mutation: You are frail. (-10% HP) [potion of
                  | mutation]
 28747 | Lair:2   | Gained mutation: Your mind is acute. (Int +2) [potion of
                  | mutation]
 28747 | Lair:2   | Gained mutation: You possess an exceptional clarity of
                  | mind. [potion of mutation]
 28913 | Orc:2    | Bought a scorched short sword for 280 gold pieces
 28916 | Orc:2    | Identified the cursed +1 short sword "Niotitti" {vorpal,
                  | rC+ Str+4 Dex-2} (You bought it in a shop on level 2 of the
                  | Orcish Mines)
 29284 | D:14     | Found a gate to the Vaults.
 29505 | D:14     | Reached skill level 15 in Fighting
 29607 | D:14     | Reached skill level 5 in Short Blades
 29632 | D:14     | Found Teh Idit's Magic Scroll Boutique.
 29857 | D:14     | Received a gift from Okawaru
 30193 | D:14     | Identified a +1 pair of boots of running (Okawaru gifted it
                  | to you on level 14 of the Dungeon)
 30609 | D:15     | Entered Level 15 of the Dungeon
 30613 | D:15     | Noticed Nessos
 30700 | D:14     | Reached XP level 16. HP: 104/136 MP: 25/25
 30911 | D:15     | Noticed Rupert
 31000 | D:15     | Killed Rupert
 31297 | D:15     | Killed Nessos
 31355 | D:15     | Reached skill level 16 in Fighting
 31644 | D:15     | Found a staircase to the Depths.
 32046 | Shoals:1 | Entered Level 1 of the Shoals
 32131 | Shoals:1 | Received a gift from Okawaru
 32258 | Shoals:1 | Noticed Nikola
 32297 | Shoals:1 | Killed Nikola
 32476 | Shoals:1 | Received a gift from Okawaru
 33399 | Shoals:2 | Received a gift from Okawaru
 33415 | Shoals:2 | Got an iridescent dagger {god gift}
 33416 | Shoals:2 | Identified the +1 dagger of Loutz {freeze, Str+6 Int-2}
                  | (Okawaru gifted it to you on level 2 of the Shoals)
 33422 | Shoals:2 | Found Ewitativ's Weapon Boutique.
 33433 | Shoals:2 | Reached skill level 5 in Throwing
 33433 | Shoals:2 | Reached XP level 17. HP: 144/144 MP: 27/27
 33974 | Shoals:2 | Received a gift from Okawaru
 33995 | Shoals:2 | Got a fine dagger {god gift}
 33996 | Shoals:2 | Identified the +3 dagger "Ogreslayer" {vorpal, rF+ Dex+4}
                  | (Okawaru gifted it to you on level 2 of the Shoals)
 35427 | Orc:2    | Bought a distressingly furry scale mail for 252 gold pieces
 35428 | Orc:2    | Identified the +5 scale mail of the Unseen Realm {*Drain
                  | rPois rC++ Regen+} (You bought it in a shop on level 2 of
                  | the Orcish Mines)
 36225 | Shoals:4 | Entered Level 4 of the Shoals
 36242 | Shoals:4 | Found Caniofr Ceof's Food Shoppe.
 37098 | Shoals:4 | Reached XP level 18. HP: 132/151 MP: 23/29
 37160 | Shoals:4 | Received a gift from Okawaru
 37473 | Shoals:4 | Received a gift from Okawaru
 37670 | Shoals:4 | Got a shimmering lapis lazuli ring
 37687 | Shoals:4 | Identified the cursed ring of Leuduj {rC+ AC-4 Int+2 SInv}
                  | (You found it on level 4 of the Shoals)
 37799 | Shoals:4 | Noticed a kraken
 38156 | Shoals:4 | Killed a kraken
 38331 | Shoals:4 | Got a barnacled rune of Zot
 38551 | Spider:1 | Entered Level 1 of the Spider Nest
 38620 | Spider:1 | Reached skill level 5 in Dodging
 38698 | Spider:1 | Received a gift from Okawaru
 38800 | Spider:1 | Reached skill level 15 in Shields
 38886 | Spider:1 | Received a gift from Okawaru
 39037 | Spider:1 | Received a gift from Okawaru
 39045 | Spider:1 | You fall into a shaft and drop 1 floor!
 39265 | Spider:2 | Received a gift from Okawaru
 40174 | Spider:2 | Reached XP level 19. HP: 157/157 MP: 30/30
 40433 | Spider:2 | Reached XP level 20. HP: 164/164 MP: 31/31
 41346 | D:14     | Bought a scroll of identify for 30 gold pieces
 41346 | D:14     | Bought a scroll of identify for 30 gold pieces
 41720 | Orc:2    | Bought a shimmering scale mail for 252 gold pieces
 41721 | Orc:2    | Identified the +3 scale mail of Divine Intervention {rN+
                  | Slay+2} (You bought it in a shop on level 2 of the Orcish
                  | Mines)
 42086 | Spider:2 | Reached skill level 15 in Armour
 42151 | Spider:3 | Received a gift from Okawaru
 42403 | Spider:3 | Received a gift from Okawaru
 42782 | Spider:4 | Entered Level 4 of the Spider Nest
 43590 | Spider:4 | Reached skill level 17 in Fighting
 44230 | Spider:4 | Received a gift from Okawaru
 44478 | Spider:4 | Got a gossamer rune of Zot
 44825 | Orc:1    | Bought a pair of crude boots for 218 gold pieces
 44826 | Orc:1    | Identified the cursed +0 pair of boots "Zahemew" {-Tele
                  | *Slow rF++ Slay+5} (You bought it in a shop on level 1 of
                  | the Orcish Mines)
 45285 | D:14     | Bought a scroll of silence for 112 gold pieces
 45346 | Vaults:1 | Entered Level 1 of the Vaults
 45410 | Vaults:1 | Received a gift from Okawaru
 45719 | Vaults:1 | Reached XP level 21. HP: 156/176 MP: 27/33
 46247 | Vaults:1 | Reached skill level 18 in Fighting
 46362 | Vaults:1 | Noticed Donald
 47060 | Vaults:1 | Killed Donald
 47917 | Vaults:2 | Found a flickering gateway to a bazaar.
 47935 | Bazaar   | Entered a bazaar
 47949 | Bazaar   | Found Ecacor's Gadget Shop.
 47978 | Bazaar   | Found Puenaref's Gadget Shop.
 47993 | Bazaar   | Found Kitsay's Distillery.
 48014 | Bazaar   | Found Ziukoof's Distillery.
 48022 | Bazaar   | Acquired 950 gold pieces
 48024 | Bazaar   | Bought a potion of heal wounds for 50 gold pieces
 48024 | Bazaar   | Bought a potion of heal wounds for 50 gold pieces
 48024 | Bazaar   | Bought a potion of mutation for 80 gold pieces
 48044 | Bazaar   | Bought a potion of heal wounds for 55 gold pieces
 48044 | Bazaar   | Bought a potion of resistance for 110 gold pieces
 48044 | Bazaar   | Bought a potion of invisibility for 88 gold pieces
 48044 | Bazaar   | Bought a potion of heal wounds for 55 gold pieces
 48044 | Bazaar   | Bought a potion of curing for 33 gold pieces
 48044 | Bazaar   | Bought a potion of curing for 33 gold pieces
 48059 | Bazaar   | Bought a wand of digging (5) for 198 gold pieces
 48087 | Bazaar   | Bought a wand of digging (7) for 220 gold pieces
 48453 | Vaults:2 | Reached skill level 15 in Long Blades
 48659 | Vaults:2 | HP: 7/178 [orc knight/+0 halberd (20)]
 48907 | Vaults:2 | Received a gift from Okawaru
 48970 | Vaults:2 | Found Baoptek's Magic Scroll Boutique.
 49908 | D:14     | Bought 2 scrolls of enchant armour for 225 gold pieces
 49908 | D:14     | Bought a scroll of enchant armour for 112 gold pieces
 50155 | Vaults:3 | Reached skill level 19 in Fighting
 50306 | Vaults:3 | Received a gift from Okawaru
 50364 | Vaults:3 | Reached skill level 10 in Throwing
 50486 | Vaults:3 | Received a gift from Okawaru
 50498 | Vaults:3 | Identified the +2 cloak "Silasil" {rPois rCorr} (Okawaru
                  | gifted it to you on level 3 of the Vaults)
 50846 | Vaults:3 | Reached XP level 22. HP: 149/188 MP: 34/34
 50933 | Vaults:3 | Found a staircase to the Crypt.
 51809 | Vaults:3 | Reached skill level 20 in Fighting
 52507 | Vaults:4 | Noticed Mara
 52524 | Vaults:4 | Noticed DeepDeath's illusion
 52542 | Vaults:4 | Killed Mara
 52659 | Vaults:4 | Received a gift from Okawaru
 52766 | Vaults:4 | Received a gift from Okawaru
 52934 | Vaults:4 | Received a gift from Okawaru
 53303 | Vaults:4 | Noticed Frederick
 53339 | Vaults:4 | Killed Frederick
 53596 | Vaults:4 | Reached XP level 23. HP: 172/198 MP: 35/35
 53734 | Vaults:4 | Received a gift from Okawaru
 54462 | Elf:1    | Entered Level 1 of the Elven Halls
 54598 | Elf:1    | Identified the Compendium of Evil
 55157 | Elf:1    | Noticed Frances
 55170 | Elf:1    | Killed Frances
 55249 | Elf:1    | Reached skill level 21 in Fighting
 55295 | Elf:1    | Identified the +6 dagger of Cadoohenk {pain, rN++ Str-3
                  | SInv}
 55306 | Elf:1    | Received a gift from Okawaru
 55545 | Elf:2    | Found a frozen archway.
 55587 | Elf:2    | Reached skill level 10 in Dodging
 55601 | Elf:2    | Found a magical portal.
 55626 | Elf:2    | Received a gift from Okawaru
 55701 | WizLab   | Entered The Hall of the Hellbinder
 55722 | WizLab   | Received a gift from Okawaru
 55822 | WizLab   | Identified the Collected Works on the Entourage
 55994 | WizLab   | Noticed Dubi
 55995 | WizLab   | Found a burning altar of Makhleb.
 56009 | WizLab   | Killed Dubi the Hellbinder
 56164 | WizLab   | Gained mutation: You can translocate small distances at
                  | will. [a cacodemon]
 56241 | WizLab   | Identified the Reference Book on Calling
 56246 | WizLab   | Got a steaming bone ring
 56248 | WizLab   | Identified the ring "Geguiliy" {rF+ rN+ Slay+4} (You found
                  | it in a wizard's laboratory)
 56270 | WizLab   | Got a faintly glowing bronze ring
 56275 | WizLab   | Identified Womoo's Guide on the Birds and Sinister Rituals
 56280 | WizLab   | Identified the ring "Vesae" {+Fly rC+ MP+9 Dex+3} (You
                  | found it in a wizard's laboratory)
 56281 | WizLab   | Identified the +2 cloak of Geucsem {rN+ Regen+ Str-5 SInv}
                  | (You found it in a wizard's laboratory)
 57347 | Elf:2    | Found a runed translucent gate.
 57347 | Elf:2    | Found a runed translucent gate.
 57348 | Elf:2    | Found a runed translucent gate.
 57775 | Elf:2    | Received a gift from Okawaru
 57892 | Elf:3    | Entered Level 3 of the Elven Halls
 58814 | Elf:3    | Reached skill level 22 in Fighting
 58814 | Elf:3    | Reached XP level 24. HP: 135/210 MP: 33/35
 58833 | Elf:3    | Identified the +9 falchion of Tenacity {holy, *Corrode +Fly
                  | Dex+3 Stlth+}
 58834 | Elf:3    | Identified the cursed +2 halberd "Nyuppi" {freeze, rPois
                  | rC+}
 58837 | Elf:3    | Identified the ring of Linearity {+Fly rN+ Slay+5}
 59212 | Elf:3    | Reached skill level 5 in Evocations
 59261 | Elf:3    | Identified the cursed +1 battleaxe "Wizyixzaf" {vorpal,
                  | rPois Stlth+}
 59317 | Elf:3    | Got a slimy plate armour
 59318 | Elf:3    | Identified the +1 plate armour "Hoilleiv" {rC+ Regen+} (You
                  | found it on level 3 of the Elven Halls)
 59398 | Elf:3    | Identified the Tome of Fetching Aid
 59409 | Elf:3    | Got a sparkling bronze amulet
 59525 | Elf:3    | Learned a level 3 spell: Spectral Weapon
 59528 | Elf:3    | Learned a level 2 spell: Swiftness
 60090 | Depths:1 | Entered Level 1 of the Depths
 60090 | Depths:1 | Found a gateway to Hell.
 60119 | Depths:1 | Received a gift from Okawaru
 60434 | Depths:1 | Received a gift from Okawaru
 60705 | Depths:1 | Received a gift from Okawaru
 61085 | Depths:1 | Identified the amulet of Darkness {Inacc rF+ rC+ Int-3
                  | Dex+9} (You found it on level 3 of the Elven Halls)
 61705 | Depths:1 | Reached skill level 23 in Fighting
 61811 | Depths:2 | Reached XP level 25. HP: 195/221 MP: 35/35
 61881 | Depths:1 | Received a gift from Okawaru
 62588 | Depths:2 | Received a gift from Okawaru
 62800 | Depths:2 | Received a gift from Okawaru
 63011 | Depths:2 | You fall into a shaft and drop 1 floor!
 63044 | Depths:3 | Received a gift from Okawaru
 63490 | Depths:2 | Found Junin's Gadget Shoppe.
 63837 | D:5      | Bought 2 potions of experience for 1000 gold pieces
 63837 | D:5      | Bought a potion of curing for 30 gold pieces
 63840 | D:5      | Reached XP level 26. HP: 227/227 MP: 35/35
 63841 | D:5      | Reached skill level 5 in Spellcasting
 63841 | D:5      | Reached XP level 27. HP: 233/233 MP: 35/35
 64236 | Depths:3 | Received a gift from Okawaru
 64484 | Depths:3 | Reached skill level 1 in Hexes
 64580 | Depths:3 | Reached skill level 1 in Air Magic
 65104 | Depths:3 | Found a one-way gate leading to the halls of Pandemonium.
 65362 | Depths:3 | Identified the Compendium of Spatial Clay
 65750 | Depths:4 | Received a gift from Okawaru
 66028 | Depths:4 | Received a gift from Okawaru
 67285 | Depths:4 | Reached skill level 15 in Dodging
 67400 | Depths:4 | Found a one-way gate to the infinite horrors of the Abyss.
 67723 | Depths:4 | Reached skill level 24 in Fighting
 68168 | Depths:4 | Received a gift from Okawaru
 68294 | Depths:4 | Found a gateway to a ziggurat.
 69237 | Depths:5 | Entered Level 5 of the Depths
 69322 | Depths:5 | Received a gift from Okawaru
 69381 | Depths:5 | Received a gift from Okawaru
 69454 | Depths:5 | Reached skill level 15 in Throwing
 69466 | Depths:5 | Noticed Sojobo
 69825 | Depths:5 | Killed Sojobo
 70845 | Depths:5 | Found a gate to the Realm of Zot.
 70863 | Depths:5 | Received a gift from Okawaru
 70879 | Depths:5 | Received a gift from Okawaru
 70888 | Depths:5 | Reached skill level 25 in Fighting
 72615 | Crypt:1  | Entered Level 1 of the Crypt
 72728 | Crypt:1  | Reached skill level 5 in Charms
 72822 | Crypt:1  | Found a transporter.
 72924 | Crypt:1  | Found a transporter.
 72962 | Crypt:1  | Noticed Esecs's ghost (veteran GrEE)
 73030 | Crypt:1  | You fall into a shaft and drop 1 floor!
 73080 | Crypt:2  | Received a gift from Okawaru
 73604 | Crypt:3  | Entered Level 3 of the Crypt
 74271 | Crypt:1  | Killed Esecs's ghost
 74971 | Crypt:3  | Found a basalt altar of Yredelemnul.
 75100 | Crypt:3  | Noticed Boris
 75107 | Crypt:3  | Received a gift from Okawaru
 75327 | Crypt:3  | Received a gift from Okawaru
 75359 | Crypt:3  | Killed Boris
 75585 | Crypt:3  | Found the +12 Vampire's Tooth {vamp}
 75594 | Crypt:3  | Got a shimmering ivory ring
 75594 | Crypt:3  | Got an ancient ivory ring
 75608 | Crypt:3  | Identified the ring of Compassion {+Fly rPois rN+ Dex-5
                  | Stlth+} (You found it on level 3 of the Crypt)
 75609 | Crypt:3  | Identified the ring of Fuciss {rPois rN+ Str+4 Int+2 Dex-2}
                  | (You found it on level 3 of the Crypt)
 76275 | Crypt:3  | Found a staircase to the Tomb.
 76639 | Vaults:5 | Entered Level 5 of the Vaults
 77135 | Vaults:5 | Received a gift from Okawaru
 77243 | Vaults:5 | Reached skill level 26 in Fighting
 77319 | Vaults:5 | Noticed an ancient lich
 77330 | Vaults:5 | Killed an ancient lich
 77330 | Vaults:5 | Received a gift from Okawaru
 77373 | Vaults:5 | Noticed an ancient lich
 77378 | Vaults:5 | Reached skill level 5 in Hexes
 77393 | Vaults:5 | Killed an ancient lich
 77393 | Vaults:5 | Received a gift from Okawaru
 77421 | Vaults:5 | Received a gift from Okawaru
 77657 | Vaults:5 | Reached skill level 10 in Charms
 77663 | Vaults:5 | Identified the +4 trident of Acwum {drain, rF+ rN+++ MR-}
 78130 | Vaults:5 | Identified the cursed +1 mace of True Grit {speed, rElec
                  | rPois rN++ Int-3}
 78188 | Vaults:5 | Identified the Grimoire of the Glacier and Combat Magic
 78368 | Vaults:5 | Identified the ring of the Dragon {rPois rF- Int+6}
 78491 | Vaults:5 | Received a gift from Okawaru
 78506 | Vaults:5 | Identified the +2 chain mail of the Everdark {-Tele rF++}
                  | (Okawaru gifted it to you on level 5 of the Vaults)
 78648 | Vaults:5 | Got a silver rune of Zot
 78659 | Vaults:5 | Got a heavily runed golden ring
 78927 | Vaults:5 | Identified the ring of Divine Compulsion {*Corrode +Inv
                  | Str+2 Stlth-} (You found it on level 5 of the Vaults)
 79630 | Zot:1    | Entered Level 1 of the Realm of Zot
 79972 | Depths:5 | Reached skill level 27 in Fighting
 80406 | Zot:1    | Received a gift from Okawaru
 80453 | Zot:1    | HP: 6/249 [yellow draconian stormcaller/divine providence
                  | (12)]
 81531 | Zot:1    | HP: 2/249 [poisoned by a golden dragon (blast of poison)]
 81537 | Zot:1    | HP: 6/249 [yellow draconian/glob of acid (4)]
 81537 | Zot:1    | Splashed by a yellow draconian's acid

Illustrated notes

Levels and vault maps discovered:
D:1:      dpeg_arrival_rooms_a, layout_basic
D:2:      layout_basic, amethyst_overflow_temple_binary,
          ashenzari_conservatory_becter
D:3:      layout_basic, old_standard_altar, minmay_close_crescents
D:4:      cheibrodos_thug_alley, layout_rooms, portal_sewer_entry_a,
          gammafunk_ghost_cemetery, nicolae_dithmenos_the_darkroom
D:5:      layout_cave_pools, nicolae_overflow_hidden_temple, serial_shops,
          shop_statue, first_ration, kennysheep_decorative_pillar, st_stairs_12,
          uniq_ijyb
D:6:      layout_loops_corners, trog_hazing_becter, uniq_prince_ribbit1
D:7:      layout_layer_cave, makhleb_grotto_becter, kennysheep_mini,
          minmay_temple_entry_junction
D:8:      layout_gridville, lemuel_doored_altar, due_lair_maze_entry_diamond,
          uniq_pikel
D:9:      layout_big_octagon, elyvilon_altar_3, serial_shops, shop,
          grunt_pizzeria
D:10:     layout_loops_ring, erik_orc_2, enter_trove_5, uniq_urug, uniq_grum,
          uniq_sonja
D:11:     layout_loops_corners, uniq_nergalle, uniq_maurice
D:12:     layout_irregular_city, serial_column_ruins, column_ruins_hut_ruined,
          column_ruins_hut_pillars, column_ruins_open_small,
          column_ruins_open_medium, column_ruins_corridor_corner,
          column_ruins_open_tiny, column_ruins_columns_straight,
          column_ruins_columns_dead_end
D:13:     layout_loops_ring, enter_bailey_8
D:14:     layout_gridville, david_vaults_2, grunt_decor_one_mirror,
          serial_shops, shop
D:15:     grunt_enter_depths_snipers, layout_cave_pools, nrook_uturn,
          corexii_leaking_fountain, uniq_nessos, uniq_rupert
Temple:   nicolae_temple_figure_eight
Lair:1:   layout_hall_layers
Lair:2:   cheibrodos_lair_overgrown_chateau, layout_gridlike
Lair:3:   layout_hall_layers, shoals_dummy_entry, grunt_megastairs_1,
          serial_bayou_shore_a, lemuel_fruit_fields
Lair:4:   layout_roguey, nicolae_spider_entry_tight_spaces,
          beast_lair_carwin_11, infiniplex_staircase_pool_2,
          minmay_lair_oklob_chamber
Lair:5:   layout_regular_city, grunt_megastairs_3
Lair:6:   due_jungle_book, layout_loops_ring, dpeg_slime_entry_corner,
          minivault_25, nicolae_quartered_pool_little
Shoals:1: layout_shoals, nicolae_shoals_mertower, uniq_nikola
Shoals:2: layout_shoals, serial_shops, shop
Shoals:3: layout_shoals, nicolae_shoals_this_corrosion
Shoals:4: shoals_end_simple, layout_shoals, serial_shops, nicolae_shop_stone,
          abandoned_shop
Spider:1: nicolae_spider_hall_of_the_moth_king, drop_trap
Spider:2: layout_spider_delve, hangedman_stitches_earthworm
Spider:3: layout_spider_delve
Spider:4: grunt_spider_rune_parallel, nicolae_spider_circle_web
Orc:1:    layout_diamond_mine, serial_shops, shop_statue, shop, shop,
          nicolae_shop_window_shopping, shop, chequers_guarded_unrand_ignorance
Orc:2:    grunt_orc_community_town_hall, layout_diamond_mine,
          grunt_orc_community_big_house_2, grunt_orc_community_big_house_2,
          grunt_orc_community_house_1, grunt_orc_community_house_3,
          grunt_orc_community_house_3, grunt_orc_community_house_3,
          grunt_orc_community_house_3, elves_outpost_lemuel
Elf:1:    minmay_the_grid_triangle_9x9_rhombus_thin
          [minmay_the_grid_triangle_9x9_cache,
          minmay_the_grid_triangle_9x9_prize_schism,
          minmay_the_grid_triangle_9x9_corrupted_corridor,
          minmay_the_grid_triangle_9x9_longest], layout_loops_cross,
          minmay_elf_necromancy, uniq_frances
Elf:2:    layout_loops_corners, portal_ice_cave_entry_ice_statue_two,
          infiniplex_enter_wizlab_water, onia_ninara_cookie
Elf:3:    minmay_elf_hall, layout_geoelf_octagon, serial_sigils,
          serial_sigils_hangedman_gut, serial_sigils_hangedman_etch,
          serial_sigils_hangedman_scar, serial_sigils_hangedman_quiver,
          minivault_20
Vaults:1: grunt_vaults_hallway_short, nicolae_vaults_network_barrier,
          vaults_dpeg_doors, nicolae_vaults_hallways_thing, v_misc_17,
          nicolae_vaults_specimen_jars, v_pattern_4, v_misc_12,
          ontoclasm_vaults_pinch, ontoclasm_vaults_idyll, st_spiral_rooms,
          grunt_vaults_diagonal, hangedman_vaults_slice, ontoclasm_vaults_fault,
          layout_vaults_big_cross, uniq_donald
Vaults:2: nicolae_vaults_network_quinsquares
          [nicolae_vaults_network_quincunx_subvault,
          nicolae_vaults_network_quincunx_subvault,
          nicolae_vaults_network_quincunx_subvault,
          nicolae_vaults_network_quincunx_subvault],
          nicolae_vaults_little_squares_4, nicolae_vaults_little_squares_1,
          v_misc_2, vaults_room_stairs_pillars, ontoclasm_vaults_twist,
          hangedman_vaults_locks, v_misc_4, v_misc_24, v_misc_30,
          nicolae_vaults_border_crossing, layout_vaults_ring, serial_shops,
          bzr_in_the_mist, shop
Vaults:3: v_misc_3, v_pattern_2, minmay_crypt_entry_simple_round,
          dpeg_vaults_monster_row, vaults_room_fancy_cross, vaults_room_hallway,
          vaults_room_hallway, nicolae_vaults_gold_heap, vaults_dpeg_cross,
          hangedman_vaults_impose, vaults_dpeg_diagonal, layout_vaults_omnibox
Vaults:4: v_rooms_5, ontoclasm_vaults_shuriken, grunt_vaults_funnel,
          vaults_room_guarded_vault, v_misc_3, vaults_room_pools,
          layout_vaults_omnigrid, uniq_frederick, uniq_mara
Vaults:5
Crypt:1:  layout_misc_corridors, gammafunk_ghost_mausoleum, minivault_25,
          grunt_crypt_arrival_split
Crypt:2:  layout_catacombs, lemuel_elevator
Crypt:3:  grunt_crypt_end_deaths_head, uniq_boris
Depths:1: layout_gridlike, hell_entry, serial_sigils_hangedman_stare,
          minivault_11, evilmike_ambush [evilmike_ambush_outer_basic,
          evilmike_ambush_inner_cross]
Depths:2: hangedman_cross_stitches, layout_honeycomb, grunt_mini_vestibule,
          chequers_serial_rivers_micro_c, serial_shops, shop,
          minmay_starry_boxes, infiniplex_staircase_spiral
Depths:3: minmay_split_circle, layout_cave_shapes, rand_demon_pan_entry_8,
          nrook_pool_corridor, grunt_hell_entry_dis_old
Depths:4: hangedman_grunt_twisty_little_passages, layout_gridlike,
          enter_ziggurat_d, abyss_entry, hell_entry, minmay_misc_feat_plants,
          serial_bayou_shore_b
Depths:5: grunt_twist_and_shout, layout_basic, grunt_pan_entry_spiral,
          hangedman_tar_grid_catacomb, serial_bayou_pond_e, uniq_sojobo
Zot:1:    lemuel_acid_trip, layout_onion

Skill      XL: |  1  2  3  4  5  6  7  8  9 10 11 12 13 14 15 16 17 18 19 20 21 22 23 24 25 26 27 |
---------------+----------------------------------------------------------------------------------+-----
Long Blades    | 3 4 5 6 7 9 10 12 13 14 15 | 15.5
Throwing       | 1 2 4 5 6 7 8 10 11 12 16 | 16.0
Dodging        | 1 2 3 7 8 9 11 13 14 15 | 15.2
Armour         | 4 5 6 8 9 10 11 12 13 14 15 19 | 19.8
Fighting       | 4 5 6 8 9 12 15 16 17 19 20 22 23 27 | 27.0
Shields        | 4 5 6 8 9 10 11 12 14 15 16 | 16.0
Invocations    | 3 4 7 9 10 11 12 14 | 14.0
Short Blades   | 1 3 4 5 6 |  6.7
Evocations     | 1 2 3 4 6 |  6.0
Spellcasting   | 4 5 9 |  9.0
Charms         | 3 10 | 10.0
Hexes          | 5 |  5.0
Air Magic      | 2 |  2.0

Action                   |  1- 3 |  4- 6 |  7- 9 | 10-12 | 13-15 | 16-18 | 19-21 | 22-24 | 25-27 || total
-------------------------+-------+-------+-------+-------+-------+-------+-------+-------+-------++-------
Melee: Long sword        |   106 |   443 |   227 |   792 |  1625 |    29 |    84 |   257 |   826 ||  4389
       Falchion          |       |       |   168 |       |       |       |       |       |       ||   168
       Dagger            |       |       |       |    94 |    87 |       |       |       |       ||   181
       Scimitar          |       |       |       |       |   137 |  1553 |  1449 |  1503 |  1410 ||  6052
       Rapier            |       |       |       |       |    15 |       |       |       |       ||    15
       Short sword       |       |       |       |       |    12 |       |       |       |       ||    12
       Double sword      |       |       |       |       |       |       |       |       |   458 ||   458
Throw: Stone             |       |     7 |       |       |       |       |       |       |       ||     7
       Dart              |       |       |     9 |    54 |     4 |       |       |       |       ||    67
       Boomerang         |       |       |       |    37 |    64 |   211 |    49 |    39 |       ||   400
       Javelin           |       |       |       |       |    20 |       |       |   138 |   675 ||   833
       Throwing net      |       |       |       |       |       |     2 |       |       |       ||     2
 Cast: Spectral Weapon   |       |       |       |       |       |       |       |       |     3 ||     3
       Swiftness         |       |       |       |       |       |       |       |       |     1 ||     1
Invok: Heroism           |       |       |       |    31 |    40 |    33 |     5 |    10 |     7 ||   126
       Finesse           |       |       |       |       |     5 |    14 |     7 |     9 |    17 ||    52
 Abil: Blink             |       |       |       |       |       |       |       |       |     6 ||     6
Evoke: Wand              |       |       |     5 |     4 |    17 |     4 |       |     4 |     2 ||    36
       Phial of floods   |       |       |       |       |     1 |       |       |       |       ||     1
       Tin of tremorston |       |       |       |       |       |     3 |       |       |       ||     3
  Use: Scroll            |       |    15 |     3 |     9 |    17 |    16 |    16 |    12 |    20 ||   108
       Potion            |       |     2 |     3 |     3 |     4 |    12 |     4 |     4 |    24 ||    56
 Stab: Confused          |       |       |     5 |     1 |       |       |       |     1 |     1 ||     8
       Paralysed         |       |       |     3 |     2 |       |       |       |       |       ||     5
       Invisible         |       |       |       |     2 |       |       |       |       |     3 ||     5
       Held in net/web   |       |       |       |       |       |     1 |     1 |       |       ||     2
       Sleeping          |       |       |       |       |       |       |       |       |    10 ||    10
  Eat: Chunk             |     1 |     7 |    10 |    21 |    28 |    25 |    21 |    19 |    21 ||   153
       Ration            |       |     2 |       |     1 |     7 |     2 |     4 |     5 |    14 ||    35
Armor: Scale mail        |    73 |   108 |   131 |   239 |   115 |       |       |       |       ||   666
       Skin              |       |     3 |       |       |       |       |       |       |       ||     3
       Chain mail        |       |       |       |       |   359 |   589 |   508 |   322 |   704 ||  2482
       Plate armour      |       |       |       |       |    83 |       |       |       |       ||    83
Dodge: Dodged            |    31 |    95 |   106 |   230 |   430 |   482 |   431 |   330 |   782 ||  2917
Block: Kite shield       |    58 |   183 |   195 |   509 |  1072 |  1131 |  1013 |  1104 |  1890 ||  7155
       Reflection        |       |       |       |       |       |       |    14 |   102 |   116 ||   232
       Rpst.: Long sword |    11 |    22 |    20 |    46 |    71 |       |     7 |    16 |    46 ||   239
       Falchion          |       |       |    15 |       |       |       |       |       |       ||    15
       Scimitar          |       |       |       |       |    11 |    98 |    74 |    67 |    78 ||   328
       Double sword      |       |       |       |       |       |       |       |       |    23 ||    23
